 Dungeon Crawl Stone Soup version 0.31-a0-1163-gcee99d1eea (webtiles) character file.

Game seed: 5474176176121023021

3802 James the Grappler (level 10, -2/71 HPs)
             Began as an Octopode Shapeshifter on Dec 9, 2023.
             Was an Initiate of Gozag.
             Slain by a two-headed ogre
             ... wielding a +0 giant spiked club
              (35 damage)
             ... on level 8 of the Dungeon.
             The game lasted 00:25:34 (10024 turns).

James the Grappler (Octopode Shapeshifter)         Turns: 10024, Time: 00:25:35

Health: -2/71      AC:  1    Str: 17    XL:     10   Next: 17%
Magic:  10/10      EV: 18    Int: 12    God:    Gozag
Gold:   1281       SH:  0    Dex: 13    Spells: 9/9 levels left

rFire   . .          .
                       - Unarmed
rCold   + . .        (shield currently unavailable)
rNeg    . . .        (helmet restricted)
rPois   .            (no amulet)
rElec   .            i - ring of protection from fire
rCorr   +            l - ring of resist corrosion
SInv    .            d - ring of ice
Will    .....        (no ring)
Stlth   +            (no ring)
HPRegen 0.31/turn    (no ring)
MPRegen 0.12/turn    (no ring)
                     (no ring)

%: no passive effects
@: flux-form, glowing
A: glow, contaminating, almost no armour, amphibious, 8 rings, camouflage 1,
gelatinous body 1, (nimble swimmer 1), tentacles
a: Begin Untransformation, Renounce Religion, Potion Petition, Call Merchant,
Bribe Branch


You were on level 8 of the Dungeon.
You worshipped Gozag.
Gozag was most pleased with you.
You were something dangerously unstable.
You visited 2 branches of the dungeon, and saw 9 of its levels.
You also visited: Ossuary.

You collected 1355 gold pieces.
You paid 74 gold pieces to Gozag.

Inventory:

Missiles
 k - 76 stones
 n - 3 javelins
 o - 24 poisoned darts
 r - 14 boomerangs
Magical Staves
 h - a staff of cold
   (You found it on level 1 of the Dungeon)
Jewellery
 d - a ring of ice (on tentacle)
   (You found it on level 1 of the Dungeon)
 i - a ring of protection from fire (left tentacle)
   (You found it on level 1 of the Dungeon)
 l - a ring of resist corrosion (right tentacle)
   (You found it on level 2 of the Dungeon)
Talismans
 b - a beast talisman
 c - a flux talisman (active)
Wands
 t - a wand of flame (19)
   (You found it on level 5 of the Dungeon)
 v - a wand of digging (7)
   (You found it on level 5 of the Dungeon)
 z - a wand of charming (12)
   (You found it on level 7 of the Dungeon)
Scrolls
 j - 3 scrolls of enchant weapon
 w - 2 scrolls of identify {@r1}
 x - a scroll of poison {!r}
 y - a scroll of teleportation {@r4}
Potions
 a - 5 potions of lignification {!q}
 e - 3 potions of degeneration {!q}
 f - 2 potions of curing {@q1}
 g - a potion of might {unknown}
 m - 2 potions of brilliance
 p - 5 potions of heal wounds {@q2}
 q - a potion of enlightenment
 s - a potion of cancellation
 u - a potion of magic


   Skills:
 + Level 7.0 Fighting
 - Level 5.0 Dodging
 - Level 10.0 Unarmed Combat
 - Level 7.0 Shapeshifting


You had 9 spell levels left.
You didn't know any spells.
Your spell library contained the following spells:

 Spells                   Type           Power      Damage    Failure   Level
 Foxfire                  Conj/Fire      0%         2x1d4     32%         1
 Lesser Beckoning         Tloc           0%         N/A       45%         2
 Poisonous Vapours        Pois/Air       0%         N/A       45%         2
 Sublimation of Blood     Necr           0%         N/A       45%         2
 Gell's Gravitas          Tloc           0%         N/A       69%         3
 Mephitic Cloud           Conj/Pois/Air  0%         N/A       69%         3
 Teleport Other           Tloc           0%         N/A       69%         3
 Petrify                  Tmut/Erth      0%         N/A       97%         4
 Freezing Cloud           Conj/Ice/Air   0%         6-21      100%        5
 Irradiate                Conj/Tmut      0%         3d11      100%        5
 Dispersal                Tloc           0%         N/A       100%        6
 Plasma Beam              Fire/Air       0%         2x1d10    100%        6
 Starburst                Conj/Fire      0%         6d3       100%        6


Dungeon Overview and Level Annotations

Branches:
Dungeon (8/15)             Temple (1/1) D:5         Ossuary (visited)
   Lair: D:8-11

Altars:
Ashenzari
Cheibriados
Elyvilon
Gozag
Kikubaaqudgha
Makhleb
Nemelex Xobeh
Okawaru
Qazlal
Ru
Sif Muna
Uskayaw
Vehumet
Yredelemnul
The Shining One

Shops:
D:5 *

Annotations:
D:4 2 transporters, jotaen's ghost, amateur MiFi
D:5 1 runed translucent door, paps's ghost, weakling OpDe
D:7 Joseph


Innate Abilities, Weirdness & Mutations

You are something dangerously unstable.
You glow with magical radiation, making you easy to see and hit.
Foes you strike become dangerously contaminated with magical radiation.
You are incapable of wielding weapons or throwing items.
You cannot wear most types of armour.
You are amphibious.
You can wear up to eight rings at the same time.
Your skin changes colour to match your surroundings (Stealth+).
Your rubbery body absorbs attacks. (AC +1, EV +1)
((You are camouflaged when in or above water. (Stealth+)))
You have tentacles for arms and can constrict up to eight enemies at once.


Message History

You see here a +0 short sword.
There is a stone staircase leading down here.
You climb downwards.
There is a stone staircase leading up, spattered with blood here.
The two-headed ogre shouts in stereo!
There is a stone staircase leading up, spattered with blood here.
You climb upwards.
Level annotation: Joseph
There is a stone staircase leading down here.
Things that are here:
a +0 club; a +0 short sword
There is a stone staircase leading down here.
There is a stone staircase leading down here.
You begin transforming.
You continue transforming. x3
Your transformation has ended.
You turn into a hulking beast.
You climb downwards.
There is a stone staircase leading up here.
You see here a +0 long sword.
There is a stone staircase leading down here.
Done exploring.
Done exploring.
Level map cleared.
Unknown command.
There is a stone staircase leading down here.
A two-headed ogre is nearby!
Throw: dart (curare) {!f}
Press: ? - help, Q - select action, (/) - cycle Shift-Dir - straight line, f - two-headed ogre
Aim: a two-headed ogre, wielding a +0 giant spiked club and a +0 giant club (wandering, hasn't noticed you, 77% to hit)
You throw a curare-tipped dart {!f}.
The curare-tipped dart {!f} hits the two-headed ogre.
The two-headed ogre is poisoned.
The two-headed ogre convulses.
The two-headed ogre seems to slow down.
The two-headed ogre shouts in stereo!
A two-headed ogre is nearby!
You begin transforming.
You continue transforming. x3
Your transformation has ended.
You turn into something dangerously unstable.
The two-headed ogre hits you with a +0 giant spiked club!!
The two-headed ogre hits you with a +0 giant club!!
* * * LOW HITPOINT WARNING * * *
You barely miss the two-headed ogre. You squeeze the two-headed ogre!
You bludgeon the two-headed ogre!
The two-headed ogre begins to glow.
You bludgeon the two-headed ogre!
The two-headed ogre glows dangerously bright.
You squeeze the two-headed ogre!
The two-headed ogre is no longer moving slowly.
The two-headed ogre hits you with a +0 giant spiked club!!
You die...
Your body crumbles into a pile of gold.

,,,* *,,,##.#* *#..,,,**,,,**,,,
,,,* *,,,#.[*####..#*,***,*,,***,
,,,* **###.##...,..,,,***,**,****
,,,* ##.[)#..#**.#****,,,,,,,,,,
,,,* #......####.#####.,,,,,,,,*
,,,* #.................,,,,,,,,,
...####.##...###.##.....,,,,,,,,*
.........>.### #.#***...,,,,,,,,*
..>####.#### *#p# **,,.,,,,,,,,*
.***###.# ****#.O# *,,,,,,,,,<,,,
.* #...# *,,....# *,**,[,,,,,,,,
.* #.### *......#**,,,,O,,,,,),)
.####.# #.......,,,*,,,,,,,,,,,
.#....# #...(..#**,*,,,,,>,,,,*
.#.#### #......#*,,,,,,,,,,,,,*
.#.# ########*,**,,,,,,,,,,* ...#
*****,,,,,,,,**


You could see a two-headed ogre (poisoned, heavy contam).

Vanquished Creatures
  A wraith (D:7)
  A wyvern (D:8)
  2 water moccasins (D:7)
  2 sky beasts (D:6)
  2 ice beasts (D:6)
  An orc warrior (D:5)
  A centaur (D:7)
  3 ogres
  4 kobold brigands
  2 bullfrogs
  A gnoll sergeant (D:5)
  3 elf zombies (Ossuary)
  4 scorpions
  A wight (D:7)
  6 killer bees (D:8)
  A howler monkey (D:5)
  4 centaur zombies (Ossuary)
  3 hounds
  A jelly (D:5)
  4 orc priests
  2 gnoll boudas (D:7)
  2 human zombies (Ossuary)
  2 iguanas
  5 sleepcaps
  Natasha (thrice) (D:3)
  4 orc wizards
  A bullfrog simulacrum (Ossuary)
  A crocodile zombie (Ossuary)
  2 hound zombies (Ossuary)
  3 mummies (Ossuary)
  7 gnolls
  7 adders
  2 white imps
  3 adder zombies (Ossuary)
  7 dart slugs
  22 orcs
  6 bats
  6 endoplasms
  5 giant cockroaches
  A gnoll zombie (Ossuary)
  8 goblins
  9 hobgoblins
  2 jackals (D:1)
  5 quokkas
  5 ball pythons
  6 ball python zombies (Ossuary)
  2 frilled lizards (D:1)
  6 jackal zombies (Ossuary)
  19 kobolds
  2 kobold zombies (Ossuary)
  An orc zombie (Ossuary)
  7 quokka zombies (Ossuary)
  3 rats
213 creatures vanquished.

Notes
Turn   | Place    | Note
-------+----------+-------------------------------------------
     0 | D:1      | James the Octopode Shapeshifter began the quest for the
                  | Orb.
     0 | D:1      | Reached XP level 1. HP: 13/13 MP: 1/1
   151 | D:1      | Reached XP level 2. HP: 12/18 MP: 2/2
   605 | D:1      | Reached skill level 4 in Unarmed Combat
   652 | D:1      | Reached XP level 3. HP: 23/23 MP: 3/3
  2082 | D:3      | Reached XP level 4. HP: 28/28 MP: 4/4
  2230 | D:3      | Reached skill level 5 in Unarmed Combat
  2306 | D:3      | Noticed Natasha
  2310 | D:3      | Killed Natasha
  2400 | D:3      | Noticed Natasha
  2406 | D:3      | Killed Natasha
  2407 | D:3      | Reached XP level 5. HP: 33/34 MP: 5/5
  2495 | D:3      | Noticed Natasha
  2502 | D:3      | Killed Natasha
  3035 | D:4      | Found a broken altar of Ashenzari.
  3110 | D:4      | Noticed an ogre
  3116 | D:4      | Killed an ogre
  3117 | D:4      | Reached XP level 6. HP: 39/39 MP: 6/6
  3249 | D:4      | Reached skill level 6 in Unarmed Combat
  3834 | D:4      | Found a transporter.
  3835 | D:4      | Noticed jotaen's ghost (amateur MiFi)
  3836 | D:4      | Found a transporter.
  3836 | D:4      | Noticed a yak
  4117 | D:5      | Entered Level 5 of the Dungeon
  4126 | D:5      | Found a staircase to the Ecumenical Temple.
  4135 | Temple   | Entered the Ecumenical Temple
  4144 | Temple   | Became a worshipper of Gozag Ym Sagoz the Greedy
  4217 | D:5      | Reached skill level 5 in Shapeshifting
  4217 | D:5      | Reached XP level 7. HP: 45/45 MP: 7/7
  4361 | D:5      | Found a runed translucent door.
  4366 | D:5      | Noticed paps's ghost (weakling OpDe)
  4653 | D:5      | Found a sand-covered staircase.
  4664 | Ossuary  | Entered an ossuary
  4909 | Ossuary  | Reached skill level 7 in Unarmed Combat
  4946 | Ossuary  | Reached XP level 8. HP: 52/52 MP: 8/8
  5871 | D:5      | Found Ashentigh's Gadget Gallery.
  5992 | D:5      | Reached skill level 8 in Unarmed Combat
  6940 | D:6      | Reached XP level 9. HP: 55/58 MP: 9/9
  7796 | D:7      | Noticed Joseph
  7867 | D:7      | Found a sparkling altar of Nemelex Xobeh.
  7876 | D:7      | Reached skill level 5 in Fighting
  7876 | D:7      | Reached skill level 5 in Dodging
  8260 | D:7      | Reached skill level 9 in Unarmed Combat
  8779 | D:7      | Reached skill level 10 in Unarmed Combat
  8950 | D:8      | Reached XP level 10. HP: 35/67 MP: 10/10
  9503 | D:8      | Noticed a two-headed ogre
 10024 | D:8      | Slain by a two-headed ogre

Illustrated notes

Levels and vault maps discovered:
D:1:      ncdulo_halloftheorcs, layout_basic
D:2:      layout_basic
D:3:      layout_loops_ring, serial_aquarium, aquarium_bridge_square
          [aquarium_subvault_wall, aquarium_subvault_bridge,
          aquarium_subvault_bridge, aquarium_subvault_bridge],
          aquarium_window_corridor_3, aquarium_window_1, aquarium_view_2g,
          aquarium_view_2e, aquarium_pool_five, uniq_natasha
D:4:      minmay_angry_zag, layout_basic, cheibrodos_ashenzari_chains,
          gammafunk_ghost_arena, nicolae_letterblocks [nicolae_letter_subblock,
          nicolae_letter_subblock, nicolae_letter_subblock,
          nicolae_letter_subblock, nicolae_letter_subblock,
          nicolae_letter_subblock, nicolae_letter_subblock,
          nicolae_letter_subblock, nicolae_letter_subblock,
          nicolae_letter_subblock, nicolae_letter_subblock,
          nicolae_letter_subblock, nicolae_letter_subblock,
          nicolae_letter_subblock, nicolae_letter_subblock,
          nicolae_letter_subblock, nicolae_letter_subblock,
          nicolae_letter_subblock, nicolae_letter_subblock,
          nicolae_letter_subblock, nicolae_letter_subblock,
          nicolae_letter_subblock, nicolae_letter_subblock,
          nicolae_letter_subblock, nicolae_letter_subblock]
D:5:      layout_layer_cave, minmay_temple_entry_slanted,
          ebering_ghost_reflecting_pool, nicolae_ossuary_entry_plus,
          nicolae_shop_gadgets
D:6:      minmay_evil_eye, layout_rooms, minmay_misc_feat_ornament,
          hex_intersection
D:7:      layout_loops_ring, mainiacjoe_overflow_chevrons, lemuel_tele_altar,
          minmay_fractal_squares_5, uniq_joseph
D:8:      layout_rooms, serial_curves, eino_curves_02, eino_curves_04
Temple:   compressed_dpeg_triangle_lava_temple

Skill      XL: |  1  2  3  4  5  6  7  8  9 10 |
---------------+-------------------------------+-----
Unarmed Combat | 4 5 6 7 8 10 | 10.0
Fighting       | 2 3 5 7 |  7.0
Shapeshifting  | 4 5 7 |  7.0
Dodging        | 3 5 |  5.0

Action                     |  1- 3 |  4- 6 |  7- 9 | 10-12 || total
---------------------------+-------+-------+-------+-------++-------
  Melee: Unarmed           |    61 |    82 |   311 |    42 ||   496
         Constrict         |    17 |    21 |    83 |    10 ||   131
         Tentacles         |    14 |     9 |    85 |    12 ||   120
         Punch             |     5 |     3 |    17 |       ||    25
  Throw: Boomerang         |    10 |     4 |       |       ||    14
         Dart              |       |     1 |     4 |     1 ||     6
         Javelin           |       |       |     4 |       ||     4
  Evoke: Wand              |       |       |     7 |       ||     7
    Use: Scroll            |       |     7 |     9 |       ||    16
         Potion            |       |       |     1 |       ||     1
   Stab: Sleeping          |     6 |     4 |     4 |       ||    14
         Distracted        |       |       |     2 |     1 ||     3
 Armour: Skin              |    26 |    25 |   149 |    17 ||   217
  Dodge: Dodged            |    30 |    31 |   163 |    31 ||   255
   Form: Flux              |       |       |     1 |     1 ||     2
         Beast             |       |       |       |     1 ||     1

Table legend: (Time is in decaauts)
 A = Elapsed time spent in this place.
 B = Non-inter-level travel time spent in this place.
 C = Inter-level travel time spent in this place.
 D = Time resting spent in this place.
 E = Time spent auto-exploring this place.
 F = Levels seen in this place.
 G = Mean time per level.
                   A        B        C        D        E       F      G
               +--------+--------+--------+--------+--------+-----+--------+
         Total |   9977 |   9352 |    625 |   1406 |   5769 |  10 |  997.7 |
       Dungeon |   9140 |   8515 |    625 |   1046 |   5539 |   8 | 1142.5 |
        Temple |     18 |     18 |      0 |      0 |      0 |   1 |   18.0 |
       Ossuary |    818 |    818 |      0 |    360 |    230 |   1 |  818.0 |
               +--------+--------+--------+--------+--------+-----+--------+

Top non-repeatable levels by time:
     D:6: 1473 daAuts
     D:5: 1407 daAuts
     D:4: 1203 daAuts
     D:7: 1078 daAuts
     D:1: 1044 daAuts
     D:8: 1000 daAuts
     D:2: 998 daAuts
     D:3: 934 daAuts
 Ossuary: 818 daAuts
  Temple: 18 daAuts
